 Dungeon Crawl Stone Soup version 0.31.0-1-g2c135a0 (webtiles) character file.

Game seed: 6969975882157249983

20562 Dogchiho the Severer (level 12, 0/112 (115) HPs)
             Began as a Minotaur Berserker on Mar 31, 2024.
             Was an Elder of Trog.
             Slain by a spectral basilisk (3 damage)
             ... called from beyond by a ghost crab
             ... on level 2 of the Lair of Beasts.
             The game lasted 00:49:24 (12824 turns).

Dogchiho the Severer (Minotaur Berserker)          Turns: 12824, Time: 00:49:24

HP:   0/112 (115)   AC: 15    Str: 26    XL:     12   Next: 46%
MP:   11/11         EV: 11    Int:  4    God:    Trog [****..]
Gold: 650           SH:  9    Dex: 11    Spells: 11/11 levels left

rFire   + . .        L - +2 war axe (elec)
rCold   . . .        h - +0 kite shield
rNeg    + . .        B - +4 ring mail {rPois}
rPois   +            E - +0 hat
rElec   .            e - +0 cloak
rCorr   .            H - +0 pair of gloves
SInv    .            F - +0 pair of boots
Will    .....        (no amulet)
Stlth   +            p - ring of protection from fire
HPRegen 0.38/turn    u - ring of positive energy
MPRegen 0.12/turn

%: no passive effects
@: on berserk cooldown, slowed, lightly drained, very slow
A: horns 2, retaliatory headbutt
a: Renounce Religion, Berserk, Trog's Hand, Brothers in Arms


You were on level 2 of the Lair of Beasts.
You worshipped Trog.
Trog was greatly pleased with you.
You visited 2 branches of the dungeon, and saw 13 of its levels.

You collected 650 gold pieces.

Inventory:

Hand Weapons
 D - a +5 battleaxe of draining
 L - a +2 war axe of electrocution (weapon)
 M - a +1 hand axe of flaming
Missiles
 d - 4 poisoned darts
 s - 5 silver javelins (quivered)
Armour
 e - a +0 cloak (worn)
 h - a +0 kite shield (worn)
 B - a +4 ring mail of poison resistance (worn)
 E - a +0 hat (worn)
 F - a +0 pair of boots (worn)
 H - a +0 pair of gloves (worn)
Jewellery
 p - a ring of protection from fire (left hand)
 u - a ring of positive energy (right hand)
 K - a +6 ring of dexterity
Wands
 a - a wand of mindburst (6)
 z - a wand of charming (14)
 A - a wand of digging (4)
 G - a wand of flame (17)
 J - a wand of quicksilver (22)
Scrolls
 g - a scroll of brand weapon
 l - 3 scrolls of fog
 n - a scroll of revelation {unknown}
 o - a scroll of teleportation {unknown}
 t - 6 scrolls of enchant weapon
 v - a scroll of immolation
 y - a scroll of torment {unknown}
 C - a scroll of summoning
Potions
 b - a potion of mutation {unknown}
 c - 3 potions of degeneration
 f - 2 potions of heal wounds {unknown}
 i - a potion of cancellation {unknown}
 j - a potion of invisibility {unknown}
 k - 3 potions of lignification
 q - 2 potions of attraction
 r - 6 potions of curing {unknown}
 w - 4 potions of enlightenment
 x - a potion of resistance {unknown}
 I - 2 potions of might {unknown}
 O - a potion of brilliance {unknown}


   Skills:
 + Level 13.0 Fighting
 - Level 18.0 Axes
 - Level 10.0 Armour
 - Level 5.0 Dodging
 - Level 5.0 Shields


You had 11 spell levels left.
You didn't know any spells.
Your spell library was empty.

Dungeon Overview and Level Annotations

Branches:
Dungeon (10/15)            Temple (0/1) D:7            Lair (3/5) D:8
  Swamp (0/4) Lair:2
  Snake: Lair:2-3    Spider: Lair:2-3       Orc: D:9-12

Altars:
Cheibriados
Dithmenos
Elyvilon
Fedhas
Gozag
Hepliaklqana
Kikubaaqudgha
Makhleb
Ru
Trog
Uskayaw
Vehumet
Wu Jian
Xom
Yredelemnul

Shops:
D:1 *   D:4 *   D:8 !


Innate Abilities, Weirdness & Mutations

You have a pair of horns on your head.
You reflexively headbutt those who attack you in melee.


Message History

You block the spectral komodo dragon's attack.
You slice the ghost crab!!
The ghost crab is moderately damaged.
You hit the spectral basilisk.
You hit the spectral boulder beetle but do no damage.
You hit the spectral komodo dragon but do no damage.
The spectral komodo dragon fades away!
You block the spectral basilisk's attack.
The spectral boulder beetle bites you but does no damage.
You block the ghost crab's attack. The ghost crab claws you.
* * * LOW HITPOINT WARNING * * *
The spectral basilisk bites you but does no damage.
You barely miss the ghost crab.
The ghost crab is moderately damaged.
You slash the spectral basilisk!
You hit the spectral boulder beetle but do no damage.
The spectral boulder beetle bites you but does no damage.
You block the ghost crab's attack. The ghost crab claws you.
* * * LOW HITPOINT WARNING * * *
The spectral basilisk barely misses you.
You furiously retaliate!
You headbutt the spectral basilisk!
You hit the ghost crab but do no damage.
Lightning courses through the ghost crab!
You headbutt the ghost crab, but do no damage.
The ghost crab is heavily damaged.
You hit the spectral basilisk.
You hit the spectral boulder beetle but do no damage.
The spectral boulder beetle bites you!
* * * LOW HITPOINT WARNING * * *
You block the ghost crab's attack. The ghost crab misses you.
You block the spectral basilisk's attack.
The spectral boulder beetle bites you but does no damage.
You completely miss the ghost crab. You headbutt the ghost crab!
The ghost crab is heavily damaged.
You hit the spectral basilisk.
You hit the spectral boulder beetle but do no damage.
Lightning courses through the spectral boulder beetle!
The ghost crab breathes spectral mist at you.
The spectral mist engulfs you. The spectral basilisk bites you.
You die...

.♣....#...).....#######..........
.'†...#.........#...##...........
#######..........................
..............#PP###.#.#....
##........☼..............#.. ♣♣♣
##♣#...°○...............#..
♣♣♣○♣♣♣ ♣##°°.ZZ..#.............
♣○Zt°○♣♣♣♣♣°†°.ZZ☼............#..
○§°♣.○°....°°.Zt@§............#..
☼☼♣♣♣○....:..†.Z§§.......>....#..
§. ♣♣○○..........................
. ♣.~~....#........#..P#P.P..#..
♣ ....♣♣♣♣.......................
♣♣♣♣♣♣♣♣..................<.....
# #.......##.#.######....... #
##.......###### #..).... #
#........# ###### #.......


You could see a ghost crab, a spectral basilisk (summoned), 2 spectral water
moccasins, a spectral five-headed hydra (summoned), a spectral cane toad
(summoned) and a spectral boulder beetle (summoned).

Vanquished Creatures
  A ghost crab (Lair:2)
  A hydra (Lair:2)
  2 boulder beetles
  A skyshark (Lair:2)
  A lindwurm (Lair:2)
  9 elephants
  Joseph (D:7)
  6 cane toads
  3 black mambas (Lair:2)
  Maggie (D:7)
  Jeremiah (D:7)
  2 rime drakes (Lair:1)
  4 komodo dragons
  4 blink frogs (Lair:1)
  A hornet (Lair:2)
  5 wyverns
  5 yaks
  A basilisk (D:8)
  2 spectral komodo dragons (Lair:2)
  2 steam dragons
  2 vampire mosquitoes (D:6)
  A spectral cane toad (Lair:2)
  9 water moccasins
  A spectral polar bear (Lair:2)
  A spectral yak (Lair:2)
  4 orc warriors
  3 black bears
  A spectral blink frog (Lair:2)
  2 ice beasts
  2 ogres (D:7)
  5 wolves (Lair:2)
  2 centaurs
  2 phantoms (D:7)
  6 bullfrogs
  3 scorpions
  4 wights (D:6)
  17 killer bees
  A howler monkey (D:9)
  A jelly (D:6)
  A bombardier beetle (D:6)
  3 orc priests
  2 gnoll boudas (D:7)
  Terence (D:3)
  7 iguanas
  7 orc wizards
  12 gnolls
  10 adders
  A shadow imp (D:6)
  3 white imps
  4 ufetubi
  2 dart slugs (D:3)
  37 orcs
  4 ball pythons
  8 endoplasms
  A giant cockroach (D:3)
  4 goblins
  6 hobgoblins
  3 quokkas
  4 bats
  A frilled lizard (D:1)
  7 kobolds
  6 rats
  A spectral orc (D:9)
255 creatures vanquished.

Vanquished Creatures (others)
  A blink frog (Lair:1)
1 creature vanquished.

Grand Total: 256 creatures vanquished

Notes
Turn   | Place    | Note
-------+----------+-------------------------------------------
     0 | D:1      | Dogchiho the Minotaur Berserker began the quest for the
                  | Orb.
     0 | D:1      | Reached XP level 1. HP: 19/19 MP: 0/0
   272 | D:1      | Reached XP level 2. HP: 19/27 MP: 1/1
   323 | D:1      | Found a faded altar of an unknown god.
   368 | D:1      | Found Uvoziliov's Assorted Antiques.
   611 | D:1      | Reached skill level 4 in Axes
   953 | D:2      | Reached XP level 3. HP: 33/33 MP: 2/2
  1245 | D:2      | Reached skill level 5 in Axes
  1274 | D:2      | Found a shimmering altar of Xom.
  1501 | D:2      | Reached ** piety under Trog
  1856 | D:3      | Reached XP level 4. HP: 40/40 MP: 3/3
  1954 | D:3      | Found an ancient bone altar of Kikubaaqudgha.
  2007 | D:3      | Found a blossoming altar of Fedhas.
  2035 | D:3      | Noticed Terence
  2043 | D:3      | Killed Terence
  2044 | D:3      | Reached skill level 6 in Axes
  2076 | D:3      | Found a hide-covered altar of Uskayaw.
  2293 | D:4      | Noticed a scorpion
  2300 | D:4      | Killed a scorpion
  2301 | D:4      | Reached skill level 7 in Axes
  2301 | D:4      | Reached XP level 5. HP: 38/46 MP: 4/4
  2338 | D:4      | Found a snail-covered altar of Cheibriados.
  2453 | D:4      | Found Gozag's Platinum Reserve.
  2462 | D:4      | Found an opulent altar of Gozag.
  2587 | D:4      | Noticed a black bear
  2594 | D:4      | Killed a black bear
  2595 | D:4      | Reached XP level 6. HP: 52/52 MP: 5/5
  2806 | D:4      | Reached skill level 8 in Axes
  3220 | D:4      | Found a radiant altar of Vehumet.
  3548 | D:5      | Entered Level 5 of the Dungeon
  3548 | D:5      | Noticed a water moccasin
  3557 | D:5      | Killed a water moccasin
  3558 | D:5      | Reached skill level 9 in Axes
  3891 | D:5      | Noticed an orc warrior
  4046 | D:5      | Reached XP level 7. HP: 58/58 MP: 6/6
  4176 | D:5      | Found a basalt altar of Yredelemnul.
  4325 | D:5      | Found a shadowy altar of Dithmenos.
  4621 | D:4      | Reached skill level 10 in Axes
  5063 | D:6      | Reached skill level 11 in Axes
  5180 | D:6      | Found an ornate altar of the Wu Jian Council.
  5204 | D:6      | Noticed a wyvern
  5208 | D:6      | Killed a wyvern
  5209 | D:6      | Reached XP level 8. HP: 66/66 MP: 7/7
  5384 | D:6      | Reached skill level 12 in Axes
  5836 | D:6      | Reached skill level 13 in Axes
  6249 | D:7      | Noticed a boulder beetle
  6270 | D:7      | Killed a boulder beetle
  6271 | D:7      | Reached skill level 14 in Axes
  6271 | D:7      | Reached XP level 9. HP: 67/71 MP: 8/8
  6362 | D:7      | Reached *** piety under Trog
  6519 | D:7      | Noticed Maggie
  6525 | D:7      | Killed Maggie
  6590 | D:7      | Reached skill level 15 in Axes
  6727 | D:7      | Reached skill level 5 in Fighting
  6780 | D:7      | Found a staircase to the Ecumenical Temple.
  6919 | D:7      | Noticed Joseph
  6933 | D:7      | Killed Joseph
  6934 | D:7      | Reached skill level 5 in Armour
  6983 | D:7      | Noticed Jeremiah
  6993 | D:7      | Killed Jeremiah
  7234 | D:7      | Reached XP level 10. HP: 83/84 MP: 9/9
  7550 | D:8      | Found Naurr's Distillery.
  7810 | D:8      | Identified the +3 ring mail of Inevitability {rPois rCorr
                  | Stlth+}
  7853 | D:8      | Found a staircase to the Lair.
  8400 | D:9      | Reached skill level 1 in Shields
  8501 | D:9      | Found a bloodstained altar of Trog.
  8512 | D:9      | Reached skill level 16 in Axes
  8513 | D:9      | Reached **** piety under Trog
  9043 | D:9      | Found a hazy altar of Hepliaklqana.
  9340 | D:10     | Entered Level 10 of the Dungeon
  9368 | D:10     | Found a sacrificial altar of Ru.
  9375 | D:10     | Found a burning altar of Makhleb.
  9379 | D:10     | Found a white marble altar of Elyvilon.
  9436 | D:10     | Noticed a boulder beetle
  9517 | D:10     | Killed a boulder beetle
  9726 | Lair:1   | Entered Level 1 of the Lair of Beasts
  9793 | Lair:1   | Reached XP level 11. HP: 79/95 MP: 10/10
 10117 | Lair:1   | Reached skill level 5 in Dodging
 10125 | Lair:1   | Reached skill level 5 in Shields
 11205 | Lair:2   | Reached skill level 10 in Fighting
 11205 | Lair:2   | Reached skill level 17 in Axes
 11721 | Lair:2   | Reached skill level 10 in Armour
 11771 | Lair:2   | Reached XP level 12. HP: 82/108 MP: 11/11
 12230 | Lair:2   | Noticed a five-headed hydra
 12237 | Lair:2   | Killed a one-headed hydra
 12409 | Lair:2   | Reached skill level 18 in Axes
 12788 | Lair:2   | Found a staircase to the Swamp.
 12788 | Lair:2   | Noticed a ghost crab
 12788 | Lair:2   | Noticed a ghost crab
 12819 | Lair:2   | Killed a ghost crab
 12823 | Lair:2   | HP: 2/112 [spectral boulder beetle[a ghost crab] (9)]
 12824 | Lair:2   | Slain by a spectral basilisk

Illustrated notes

Levels and vault maps discovered:
D:1:      saegor_arrival_simple_b, layout_basic, serial_shops,
          nicolae_shop_statue_plus, shapermc_ecumenical_altar_ellora
D:2:      layout_basic, basic_altar, hangedman_decor_slide_cut,
          minmay_increasing_density
D:3:      layout_rooms, lemuel_coloured_pillars_altar,
          mainiacjoe_overflow_chevrons, amcnicky_altar_gilded, uniq_terence
D:4:      nicolae_cairo_tiling_very_big, layout_loops_corners,
          mainiacjoe_overflow_alcove_2, mainiacjoe_overflow_paths,
          nicolae_gozag_zags_fifth_avenue, serial_bayou_crossing
D:5:      layout_gridville, lemuel_round_altar, mainiacjoe_overflow_24_doors
D:6:      layout_gridville, old_standard_altar
D:7:      layout_basic, minmay_temple_entry_ruins, uniq_maggie, uniq_joseph,
          uniq_jeremiah
D:8:      layout_gridville, david_lair_shrubbed, serial_shops, shop
D:9:      layout_roguey, trog_butcher_becter,
          nicolae_hepliaklqana_monster_ancestors, serial_glass, glass_columns_b,
          glass_columns_a, minmay_misc_feat_tower, minmay_misc_feat_cross
D:10:     layout_irregular_city, minitemple, minmay_orc_entry_guard_dogs,
          enter_bailey_2, minmay_lizard_king
Lair:1:   layout_cave_pods, grunt_megastairs_1
Lair:2:   cheibrodos_lair_overgrown_chateau, layout_chaotic_city,
          nicolae_swamp_entry_spooky
Lair:3:   layout_chaotic_city, minmay_snake_entry_six_corridors,
          nicolae_volcano_entry_s_turn, minivault_19, grunt_megastairs_5,
          uniq_sonja

Skill      XL: |  1  2  3  4  5  6  7  8  9 10 11 12 |
---------------+-------------------------------------+-----
Axes           | 4 5 7 9 11 14 15 16 17 18 | 18.0
Fighting       | 6 8 10 13 | 13.0
Armour         | 5 7 10 | 10.0
Shields        | 3 5 |  5.0
Dodging        | 4 5 |  5.0

Action                     |  1- 3 |  4- 6 |  7- 9 | 10-12 || total
---------------------------+-------+-------+-------+-------++-------
  Melee: Hand axe          |    76 |    82 |   118 |     4 ||   280
         Headbutt          |     5 |    16 |    35 |    73 ||   129
         Battleaxe         |       |       |    86 |   143 ||   229
         War axe           |       |       |       |   233 ||   233
  Throw: Javelin           |       |       |       |     2 ||     2
 Invoke: Berserk           |     1 |     3 |     7 |     7 ||    18
    Use: Scroll            |       |       |     5 |     4 ||     9
 Armour: Animal skin       |    17 |       |       |       ||    17
         Ring mail         |    18 |    33 |   145 |   259 ||   455
         Skin              |    22 |    13 |       |       ||    35
  Dodge: Dodged            |    35 |    34 |    58 |   196 ||   323
  Block: Kite shield       |    16 |    22 |    42 |    78 ||   158
